AA
SACRAMENTO AMISH @ CAMDEN SAND TIGERS
04/22/2060
 
TOP OF THE 1ST
Sacramento Amish batting - Pitching for Camden Sand Tigers : RHP Micheal Powers
Pitching: RHP Micheal Powers
Batting: RHB Blake Allen 0-0: Ball
1-0: Foul Ball, location: 2F
1-1: Called Strike
1-2: Foul Ball, location: 2F
1-2: Strikes out swinging
Batting: SHB Brady Hill 0-0: Called Strike
0-1: Foul Ball, location: 2F
0-2: Ball
1-2: Foul Ball, location: 2F
1-2: Foul Ball, location: 2F
1-2: Ball
2-2: SINGLE (Line Drive, 9LS, EV 105.6 MPH)
Batting: SHB Jaylin Godsey 0-0: Ball
1-0: Foul Ball, location: 2F
1-1: Fly out, F9 (Flyball, 9, EV 81.2 MPH)
Batting: RHB Adrian Gramling 0-0: Ball
1-0: Ground out 4-3 (Groundball, 4, EV 109.4 MPH)
Top of the 1st over - 0 runs, 1 hit, 0 errors, 1 left on base; Sacramento 0 - Camden 0
BOTTOM OF THE 1ST
Camden Sand Tigers batting - Pitching for Sacramento Amish : RHP Brody Walpole
Pitching: RHP Brody Walpole
Batting: LHB Nathan Bell 0-0: Ball
1-0: Fly out, F8 (Line Drive, 8RD, EV 91.2 MPH)
Batting: RHB Justyn Wylie 0-0: Foul Ball, location: 2F
0-1: Foul Ball, location: 2F
0-2: DOUBLE (Flyball, 89D, EV 113.1 MPH)
Batting: RHB Arel Dennis 0-0: SINGLE (Line Drive, 7S, EV 88.8 MPH)
Justyn Wylie to third
Batting: SHB Evan Doyon 0-0: Ball
1-0: Called Strike
1-1: Ball
2-1: Grounds into double play, 6-4-3 (Groundball, 6, EV 96.2 MPH)
Bottom of the 1st over - 0 runs, 2 hits, 0 errors, 1 left on base; Sacramento 0 - Camden 0
TOP OF THE 2ND
Sacramento Amish batting - Pitching for Camden Sand Tigers : RHP Micheal Powers
Batting: RHB Rory Elia Jr. 0-0: Called Strike
0-1: Ball
1-1: Ball
2-1: Ball
3-1: Base on Balls
Batting: RHB Shelton Gallegos 0-0: Ball
1-0: Ball
2-0: Swinging Strike
2-1: Ball
3-1: Called Strike
3-2: Foul Ball, location: 2F
3-2: Strikes out swinging
Batting: RHB Nickolas Keyes 0-0: Called Strike
0-1: SINGLE (Line Drive, 89M, EV 108.1 MPH)
Rory Elia Jr. to second
Batting: RHB Kyle Leonard 0-0: Called Strike
Rory Elia Jr. steals 3rd base (no throw)
Nickolas Keyes to second
0-1: Ball
1-1: Swinging Strike
1-2: Ball
2-2: Foul Ball, location: 2F
2-2: Ball
3-2: Ground out 4-3 (Groundball, 4, EV 108.8 MPH)
Rory Elia Jr. scores
Nickolas Keyes to third
Batting: RHB Stefan Flynn 0-0: Called Strike
0-1: Ball
1-1: Ball
2-1: Ball
3-1: Foul Ball, location: 2F
3-2: Strikes out swinging
Top of the 2nd over - 1 run, 1 hit, 0 errors, 1 left on base; Sacramento 1 - Camden 0
BOTTOM OF THE 2ND
Camden Sand Tigers batting - Pitching for Sacramento Amish : RHP Brody Walpole
Batting: RHB Gregory Hofheins 0-0: Ball
1-0: Foul Ball, location: 2F
1-1: Swinging Strike
1-2: Ball
2-2: Foul Ball, location: 2F
2-2: Foul Ball, location: 2F
2-2: Ball
3-2: Strikes out looking
Batting: LHB Cody Griggs 0-0: Called Strike
0-1: Ball
1-1: Called Strike
1-2: Ball
2-2: Ball
3-2: Ground out 4-3 (Groundball, 4, EV 93.1 MPH)
Batting: SHB Jared Manning 0-0: Ball
1-0: Ball
2-0: Called Strike
2-1: Foul Ball, location: 2F
2-2: Foul Ball, location: 2F
2-2: Strikes out swinging
Bottom of the 2nd over - 0 runs, 0 hits, 0 errors, 0 left on base; Sacramento 1 - Camden 0
TOP OF THE 3RD
Sacramento Amish batting - Pitching for Camden Sand Tigers : RHP Micheal Powers
Batting: RHB Blake Allen 0-0: Called Strike
0-1: Swinging Strike
0-2: Ball
1-2: Ball
2-2: Foul Ball, location: 2F
2-2: SINGLE (Groundball, 34D, EV 95.6 MPH)
Batting: SHB Brady Hill 0-0: Ball
1-0: Ball
2-0: Foul Ball, location: 2F
2-1: Ball
3-1: Fly out, F9 (Flyball, 9S, EV 89.4 MPH)
Batting: SHB Jaylin Godsey 0-0: Fly out, F9 (Flyball, 9, EV 98.1 MPH)
Batting: RHB Adrian Gramling 0-0: Ball
1-0: Called Strike
1-1: Called Strike
1-2: Strikes out swinging
Top of the 3rd over - 0 runs, 1 hit, 0 errors, 1 left on base; Sacramento 1 - Camden 0
BOTTOM OF THE 3RD
Camden Sand Tigers batting - Pitching for Sacramento Amish : RHP Brody Walpole
Batting: RHB Brian Williamson 0-0: Ball
1-0: Ground out 1-3 (Groundball, 25, EV 66.2 MPH)
Batting: LHB Horton bin Najm al Din 0-0: Ball
1-0: Foul Ball, location: 2F
1-1: Ball
2-1: Ground out U3 (Groundball, 3, EV 88.8 MPH)
Batting: LHB Nathan Bell 0-0: Called Strike
0-1: SINGLE (Groundball, 34S, EV 75.0 MPH) (infield hit)
Batting: RHB Justyn Wylie Pickoff Throw to First - Out! 1-3 CS
Bottom of the 3rd over - 0 runs, 1 hit, 0 errors, 0 left on base; Sacramento 1 - Camden 0
TOP OF THE 4TH
Sacramento Amish batting - Pitching for Camden Sand Tigers : RHP Micheal Powers
Batting: RHB Rory Elia Jr. 0-0: Fly out, F7 (Flyball, 7LD, EV 90.6 MPH)
Batting: RHB Shelton Gallegos 0-0: Called Strike
0-1: Called Strike
0-2: Ball
1-2: Ball
2-2: Strikes out looking
Batting: RHB Nickolas Keyes 0-0: Foul Ball, location: 2F
0-1: Ball
1-1: Swinging Strike
1-2: Ball
2-2: Strikes out swinging
Top of the 4th over - 0 runs, 0 hits, 0 errors, 0 left on base; Sacramento 1 - Camden 0
BOTTOM OF THE 4TH
Camden Sand Tigers batting - Pitching for Sacramento Amish : RHP Brody Walpole
Batting: RHB Justyn Wylie 0-0: Fly out, F9 (Flyball, 89D, EV 100.0 MPH)
Batting: RHB Arel Dennis 0-0: Foul Ball, location: 2F
0-1: Swinging Strike
0-2: Ball
1-2: Foul Ball, location: 2F
1-2: Ball
2-2: Ball
3-2: TRIPLE (Flyball, 8LD, EV 93.1 MPH)
Batting: SHB Evan Doyon 0-0: Called Strike
0-1: Ball
1-1: Called Strike
1-2: Fly out, F8 (Flyball, 8LD, EV 92.5 MPH)
Batting: RHB Gregory Hofheins 0-0: Ball
1-0: Foul Ball, location: 2F
1-1: Ball
2-1: Swinging Strike
2-2: Strikes out swinging
Bottom of the 4th over - 0 runs, 1 hit, 0 errors, 1 left on base; Sacramento 1 - Camden 0
TOP OF THE 5TH
Sacramento Amish batting - Pitching for Camden Sand Tigers : RHP Micheal Powers
Batting: RHB Kyle Leonard 0-0: Foul Ball, location: 2F
0-1: Swinging Strike
0-2: Ground out 5-3 (Groundball, 5, EV 82.5 MPH)
Batting: RHB Stefan Flynn 0-0: Ball
1-0: Ball
2-0: Swinging Strike
2-1: Foul Ball, location: 2F
2-2: Foul Ball, location: 2F
2-2: Strikes out swinging
Batting: RHB Blake Allen 0-0: Swinging Strike
0-1: Swinging Strike
0-2: Strikes out swinging
Top of the 5th over - 0 runs, 0 hits, 0 errors, 0 left on base; Sacramento 1 - Camden 0
BOTTOM OF THE 5TH
Camden Sand Tigers batting - Pitching for Sacramento Amish : RHP Brody Walpole
Batting: LHB Cody Griggs 0-0: Called Strike
0-1: Swinging Strike
0-2: SINGLE (Line Drive, 5D, EV 103.1 MPH)
Batting: SHB Jared Manning 0-0: Called Strike
0-1: SINGLE (Groundball, 6MD, EV 104.4 MPH)
Cody Griggs to second
Runner from 2nd tries for 3rd, SAFE after rundown.
Batting: RHB Brian Williamson 0-0: Called Strike
0-1: Ball
1-1: Ball
2-1: Ball
3-1: Foul Ball, location: 2F
3-2: Base on Balls
Jared Manning to second
Batting: LHB Horton bin Najm al Din 0-0: Ball
1-0: Grounds into double play, 6-4-3 (Groundball, 6, EV 83.1 MPH)
Cody Griggs scores
Jared Manning to third
Batting: LHB Nathan Bell 0-0: Ball
1-0: DOUBLE (Line Drive, 9LS, EV 107.5 MPH)
Jared Manning scores
Batting: RHB Justyn Wylie 0-0: SINGLE (Groundball, 6D, EV 96.9 MPH)
Nathan Bell to third
Runner from 3rd tries for Home, SAFE, throw by CF to home
Batting: RHB Arel Dennis 0-0: Ball
1-0: Swinging Strike
1-1: Swinging Strike
1-2: Ball
2-2: Strikes out swinging
Bottom of the 5th over - 3 runs, 4 hits, 0 errors, 1 left on base; Sacramento 1 - Camden 3
TOP OF THE 6TH
Sacramento Amish batting - Pitching for Camden Sand Tigers : RHP Micheal Powers
Batting: SHB Brady Hill 0-0: Foul Ball, location: 2F
0-1: Ball
1-1: Ball
2-1: Ground out 4-3 (Groundball, 4, EV 105.0 MPH)
Batting: SHB Jaylin Godsey 0-0: Ball
1-0: Foul Ball, location: 2F
1-1: Called Strike
1-2: Strikes out swinging
Batting: RHB Adrian Gramling 0-0: Called Strike
0-1: Ball
1-1: Ball
2-1: Called Strike
2-2: Strikes out swinging
Top of the 6th over - 0 runs, 0 hits, 0 errors, 0 left on base; Sacramento 1 - Camden 3
BOTTOM OF THE 6TH
Camden Sand Tigers batting - Pitching for Sacramento Amish : RHP Brody Walpole
Batting: SHB Evan Doyon 0-0: Ground out 4-3 (Groundball, 4, EV 78.1 MPH)
Batting: RHB Gregory Hofheins 0-0: Called Strike
0-1: Ball
1-1: Ball
2-1: Swinging Strike
2-2: Strikes out swinging, 2-3 out at first.
Batting: LHB Cody Griggs 0-0: Called Strike
0-1: Swinging Strike
0-2: Foul Ball, location: 2F
0-2: Ball
1-2: Ball
2-2: SOLO HOME RUN (Flyball, 9D, EV 96.9 MPH), Distance : 381 ft
Batting: SHB Jared Manning 0-0: Foul Ball, location: 2F
0-1: Foul Ball, location: 2F
0-2: Fly out, F8 (Flyball, 89D, EV 103.8 MPH)
Bottom of the 6th over - 1 run, 1 hit, 0 errors, 0 left on base; Sacramento 1 - Camden 4
TOP OF THE 7TH
Sacramento Amish batting - Pitching for Camden Sand Tigers : RHP Micheal Powers
Batting: RHB Rory Elia Jr. 0-0: Ball
1-0: Foul Ball, location: 2F
1-1: SINGLE (Flyball, 9LS, EV 86.2 MPH)
Batting: RHB Shelton Gallegos 0-0: Ball
1-0: Fly out, F8 (Line Drive, 8RM, EV 96.2 MPH)
Batting: RHB Nickolas Keyes 0-0: SINGLE (Groundball, 56, EV 89.4 MPH) (infield hit)
Rory Elia Jr. to second
Batting: RHB Kyle Leonard 0-0: Foul Ball, location: 2F
0-1: SINGLE (Line Drive, 89M, EV 90.0 MPH)
Rory Elia Jr. to third
Nickolas Keyes to second
Runner from 3rd tries for Home, SAFE, throw by CF to home
Batting: RHB Stefan Flynn 0-0: SINGLE (Flyball, 89S, EV 95.6 MPH)
Nickolas Keyes to third
Kyle Leonard to second
Batting: RHB Blake Allen 0-0: Called Strike
0-1: Swinging Strike
0-2: Ball
1-2: Fly out, F7 (Flyball, 7LMF, EV 110.0 MPH)
Runner from 3rd tags up, SCORES, no throw by LF
Pitching: RHP Gavin Rosnick
Batting: SHB Brady Hill 0-0: Fly out, F8 (Line Drive, 89M, EV 96.2 MPH)
Top of the 7th over - 2 runs, 4 hits, 0 errors, 2 left on base; Sacramento 3 - Camden 4
BOTTOM OF THE 7TH
Camden Sand Tigers batting - Pitching for Sacramento Amish : RHP Brody Walpole
Pitching: RHP Sean East
Batting: RHB Brian Williamson 0-0: Swinging Strike
0-1: Ball
1-1: Ball
2-1: DOUBLE (Flyball, 78D, EV 90.0 MPH)
Batting: LHB Horton bin Najm al Din 0-0: Ball
1-0: Called Strike
1-1: TRIPLE (Line Drive, 7LD, EV 100.0 MPH)
Brian Williamson scores
Batting: LHB Nathan Bell 0-0: Ball
1-0: Called Strike
1-1: Foul Ball, location: 2F
1-2: Fly out, F8 (Flyball, 8LS, EV 83.1 MPH)
Batting: RHB Justyn Wylie 0-0: Ball
1-0: Called Strike
1-1: Ball
2-1: Called Strike
2-2: Ball
3-2: Ground out 5-3 (Groundball, 5L, EV 89.4 MPH)
Batting: RHB Arel Dennis 0-0: Ball
1-0: Swinging Strike
1-1: Foul Ball, location: 2F
1-2: SINGLE (Groundball, 6MD, EV 100.0 MPH)
Horton bin Najm al Din scores
Batting: SHB Evan Doyon 0-0: Ball
1-0: Swinging Strike
1-1: Ball
2-1: Swinging Strike
2-2: Ball
3-2: Ground out 4-3 (Groundball, 4S, EV 80.6 MPH)
Bottom of the 7th over - 2 runs, 3 hits, 0 errors, 1 left on base; Sacramento 3 - Camden 6
TOP OF THE 8TH
Sacramento Amish batting - Pitching for Camden Sand Tigers : RHP Gavin Rosnick
Now at 1B: Arel Dennis
Now at 2B: Jared Manning
Now at 3B: Alfred Nader
Now at SS: Sylvester Krantz
Batting: SHB Jaylin Godsey 0-0: Called Strike
0-1: Called Strike
0-2: Ball
1-2: Foul Ball, location: 2F
1-2: Strikes out swinging
Batting: RHB Adrian Gramling 0-0: Ball
1-0: Ball
2-0: Called Strike
2-1: Foul Ball, location: 2F
2-2: Ground out 1-3 (Groundball, 13, EV 66.9 MPH)
Batting: RHB Rory Elia Jr. 0-0: Ball
1-0: Ball
2-0: Foul Ball, location: 2F
2-1: SINGLE (Groundball, 34D, EV 96.9 MPH)
Batting: RHB Shelton Gallegos 0-0: Called Strike
0-1: Foul Ball, location: 2F
0-2: Ball
1-2: Ball
2-2: Foul Ball, location: 2F
2-2: Foul Ball, location: 2F
2-2: Foul Ball, location: 2F
2-2: Ball
3-2: Base on Balls
Rory Elia Jr. to second
Batting: RHB Nickolas Keyes 0-0: Foul Ball, location: 2F
0-1: Ground out 4-3 (Groundball, 34, EV 105.6 MPH)
Top of the 8th over - 0 runs, 1 hit, 0 errors, 2 left on base; Sacramento 3 - Camden 6
BOTTOM OF THE 8TH
Camden Sand Tigers batting - Pitching for Sacramento Amish : RHP Sean East
Batting: RHB Gregory Hofheins 0-0: Called Strike
0-1: Swinging Strike
0-2: Strikes out swinging
Batting: LHB Cody Griggs 0-0: Swinging Strike
0-1: Called Strike
0-2: Foul Ball, location: 2F
0-2: Ball
1-2: Ball
2-2: Strikes out swinging
Batting: SHB Jared Manning 0-0: Swinging Strike
0-1: Ground out 6-3 (Groundball, 6, EV 91.9 MPH)
Bottom of the 8th over - 0 runs, 0 hits, 0 errors, 0 left on base; Sacramento 3 - Camden 6
TOP OF THE 9TH
Sacramento Amish batting - Pitching for Camden Sand Tigers : RHP Gavin Rosnick
Pitching: LHP Lucious Shaw
Batting: RHB Kyle Leonard 0-0: Ball
1-0: Foul Ball, location: 2F
1-1: Called Strike
1-2: Ball
2-2: Foul Ball, location: 2F
2-2: Ball
3-2: Ground out 4-3 (Groundball, 4MS, EV 90.6 MPH)
Batting: RHB Stefan Flynn 0-0: Called Strike
0-1: Called Strike
0-2: Ball
1-2: Ball
2-2: Ball
3-2: Foul Ball, location: 2F
3-2: Strikes out looking
Batting: RHB Blake Allen 0-0: Ball
1-0: Ball
2-0: Foul Ball, location: 2F
2-1: Ball
3-1: Base on Balls
Batting: SHB Brady Hill 0-0: Ball
1-0: Swinging Strike
1-1: Ball
2-1: Foul Ball, location: 2F
2-2: Foul Ball, location: 2F
2-2: Strikes out swinging
Top of the 9th over - 0 runs, 0 hits, 0 errors, 1 left on base; Sacramento 3 - Camden 6
Monday, April 29th , 2024 - OOTP Baseball 23.10 Build 110